 Dungeon Crawl Stone Soup version 0.29-a0-322-g68df515428 (webtiles) character file.

Game seed: 2249323780623121373

65 BritishOli the Skirmisher (level 3, 0/29 HPs)
             Began as a Demonspawn Monk on Apr 9, 2022.
             Slain by an iguana (8 damage)
             ... on level 3 of the Dungeon.
             The game lasted 00:02:08 (3066 turns).

BritishOli the Skirmisher (Demonspawn Monk)         Turns: 3066, Time: 00:02:09

Health: 0/29       AC:  2    Str: 13    XL:     3   Next: 94%
Magic:  3/3        EV: 13    Int: 11    God:
Gold:   204        SH:  0    Dex: 15    Spells: 2/2 levels left

rFire   . . .      SeeInvis .   a - +0 falchion
rCold   . . .      Faith    .   (no shield)
rNeg    . . .      Spirit   .   b - +0 robe
rPois   .          Reflect  .   (no helmet)
rElec   .          Harm     .   (no cloak)
rCorr   +          Rampage  .   (no gloves)
Will    .....                   (no boots)
Stlth   ++........              (no amulet)
HPRegen 0.09/turn               l - ring of resist corrosion
MPRegen 0.08/turn               (no ring)

@: no status effects
A: claws 1
a: no special abilities


You were on level 3 of the Dungeon.
You visited 1 branch of the dungeon, and saw 3 of its levels.

You collected 204 gold pieces.

Inventory:

Hand Weapons
 a - a +0 falchion (weapon)
Armour
 b - a +0 robe (worn)
Jewellery
 l - a ring of resist corrosion (left claw)
Scrolls
 d - 2 scrolls of enchant weapon {unknown}
 f - a scroll of brand weapon {unknown}
 h - a scroll of holy word {unknown}
 j - 3 scrolls of identify {unknown}
 k - a scroll of blinking {unknown}
 n - 2 scrolls of immolation {unknown}
 o - a scroll of torment {unknown}
 q - a scroll of teleportation {unknown}
 s - a scroll of amnesia {unknown}
Potions
 c - a potion of ambrosia
 e - a potion of resistance {unknown}
 g - 2 potions of invisibility {unknown}
 i - 5 potions of curing {unknown}
 m - 2 potions of brilliance {unknown}
 p - a potion of heal wounds {unknown}
 r - a potion of degeneration {unknown}


   Skills:
 + Level 3.5 Fighting
 + Level 3.2 Long Blades
 + Level 1.1 Armour
 + Level 3.2 Dodging
 - Level 2.0 Stealth


You had 2 spell levels left.
You didn't know any spells.
Your spell library was empty.

Dungeon Overview and Level Annotations

Branches:
Dungeon (3/15)

Altars:
Uskayaw


Innate Abilities, Weirdness & Mutations

You have sharp fingernails.


Message History

There are monsters nearby!
You are too injured to fight recklessly!
There are monsters nearby!
There are monsters nearby!
You are too injured to fight recklessly!
There are monsters nearby!
You are too injured to fight recklessly!
There are monsters nearby!
You are too injured to fight recklessly!
There are monsters nearby!
You are too injured to fight recklessly!
There are monsters nearby!
You are too injured to fight recklessly!
There are monsters nearby!
You are too injured to fight recklessly!
There are monsters nearby!
You are too injured to fight recklessly!
There are monsters nearby!
You are too injured to fight recklessly!
You closely miss the iguana.
The iguana is heavily wounded.
The bat barely misses you. The iguana closely misses you.
You barely miss the iguana.
The iguana is heavily wounded.
The bat closely misses you. The iguana misses you.
You barely miss the iguana.
The iguana is heavily wounded.
The bat closely misses you. x2; The iguana closely misses you.
You closely miss the iguana.
The iguana is heavily wounded.
The bat hits you but does no damage. The iguana bites you.
You hit the iguana.
The iguana is severely wounded.
The bat closely misses you. The iguana closely misses you.
You hit the iguana.
The iguana is almost dead.
The bat hits you.
* * * LOW HITPOINT WARNING * * *
The iguana bites you!
You die...

..######.#.....).....
...........###...####
...#####.### ###.....
##.# #.###. #..# #..# .
#.## ##.### #.# ###..##
####.#### #..>...
#@......####.#####
......l.......#.......#.
.........b....#....†..#.
....###.......#†......#.
### #........÷.._.†..†
#.......#.....††##
#.......#.......#
#######.#.......#
####.####


You could see an iguana and a bat.

Vanquished Creatures
  2 adders (D:2)
  A dart slug (D:2)
  2 ball pythons
  4 endoplasms
  2 giant cockroaches
  3 hobgoblins
  2 jackals (D:1)
  3 quokkas
  3 bats
  4 frilled lizards
  5 goblins
  8 kobolds
  4 rats
43 creatures vanquished.

Notes
Turn   | Place    | Note
-------+----------+-------------------------------------------
     0 | D:1      | BritishOli the Demonspawn Monk began the quest for the Orb.
     0 | D:1      | Reached XP level 1. HP: 18/18 MP: 1/1
   262 | D:1      | Gained mutation: You have sharp fingernails. [demonic
                  | ancestry]
   262 | D:1      | Reached XP level 2. HP: 14/24 MP: 2/2
  1296 | D:2      | Reached XP level 3. HP: 10/29 MP: 3/3
  2024 | D:2      | Found a faded altar of an unknown god.
  2028 | D:2      | Reached skill level 1 in Armour
  2846 | D:3      | Found a hide-covered altar of Uskayaw.
  3066 | D:3      | Slain by an iguana

Illustrated notes

Levels and vault maps discovered:
D:1:      dpeg_arrival_oval, layout_basic
D:2:      layout_loops_ring, basic_ecumenical_altar, minivault_24
D:3:      layout_rooms, nicolae_uskayaw_murder_on_the_dancefloor,
          minmay_misc_feat_cross

Skill      XL: |  1  2  3 |
---------------+----------+-----
Stealth        | 2 |  2.0
Long Blades    | 3 |  3.2
Dodging        | 3 |  3.2
Armour         | 1 |  1.1
Fighting       | |  3.5

Action                   || total
-------------------------++-------
Melee: Falchion          ||   160
       Punch             ||     2
 Stab: Sleeping          ||     4
Armor: Robe              ||    32
Dodge: Dodged            ||   123

Table legend: (Time is in decaauts)
 A = Elapsed time spent in this place.
 B = Non-inter-level travel time spent in this place.
 C = Inter-level travel time spent in this place.
 D = Time resting spent in this place.
 E = Time spent auto-exploring this place.
 F = Levels seen in this place.
 G = Mean time per level.
                   A        B        C        D        E       F      G
               +--------+--------+--------+--------+--------+-----+--------+
         Total |   3090 |   3016 |     74 |    228 |   2377 |   3 | 1030.0 |
       Dungeon |   3090 |   3016 |     74 |    228 |   2377 |   3 | 1030.0 |
               +--------+--------+--------+--------+--------+-----+--------+

Top non-repeatable levels by time:
     D:2: 1476 daAuts
     D:1: 1264 daAuts
     D:3: 349 daAuts
